 Dungeon Crawl Stone Soup version 0.27-a0-972-gd1521fd518 (webtiles) character file.

Game seed: 9090779727515519829

265 siradein the Slasher (level 5, 0/27 HPs)
             Began as a Vampire Fighter on Apr 13, 2021.
             Slain by a gnoll
             ... wielding a +0 flail of protection
              (5 damage)
             ... on level 3 of the Dungeon.
             The game lasted 00:10:25 (2520 turns).

siradein the Slasher (Vampire Fighter)              Turns: 2520, Time: 00:10:26

Health: 0/27       AC:  8    Str: 16    XL:     5   Next: 99%
Magic:  5/5        EV:  4    Int: 10    God:
Gold:   123        SH:  0    Dex: 14    Spells: 4/4 levels left

rFire    . . .     SeeInvis +   a - +0 long sword
rCold    . . .     Faith    .   c - +0 kite shield
rNeg     . . .     Spirit   .   d - +0 chain mail
rPois    .         Reflect  .   (no helmet)
rElec    .         Harm     .   l - scarf {+Inv}
rCorr    .         Rampage  .   (no gloves)
Will     .....                  (no boots)
Stlth    ..........             (no amulet)
HPRegen  0.29/turn              (no ring)
MPRegen  0.09/turn              (no ring)

@: confused, very slightly contaminated, regenerating quickly, invisible
A: alive, fangs 3, see invisible, unbreathing 1, vampiric 2, [frail 3]
a: Exsanguinate, Evoke Invisibility


You were on level 3 of the Dungeon.
You visited 1 branch of the dungeon, and saw 3 of its levels.

You collected 123 gold pieces.

Inventory:

Hand Weapons
 a - a +0 long sword (weapon)
Missiles
 h - 8 javelins (quivered)
Armour
 c - a +0 kite shield (worn)
 d - a +0 chain mail (worn)
 l - a scarf of invisibility (worn)
Jewellery
 m - a ring of fire
Wands
 n - a wand of iceblast (9)
Scrolls
 e - a scroll of identify {unknown}
Potions
 f - a potion of lignification {unknown}
 g - a potion of brilliance {unknown}
 i - a potion of ambrosia {unknown}
 j - 2 potions of heal wounds {unknown}
 k - a potion of mutation {unknown}
 o - a potion of curing {unknown}


   Skills:
 - Level 2.6 Fighting
 + Level 6.3 Long Blades
 - Level 2.4 Armour
 - Level 2.6 Shields


You had 4 spell levels left.
You didn't know any spells.
Your spell library contained the following spells:

 Spells                   Type           Power      Damage    Failure   Level
 Magic Dart               Conj           0%         1d3       100%        1
 Blink                    Tloc           N/A        N/A       100%        2
 Call Imp                 Summ           0%         N/A       100%        2
 Slow                     Hex            0%         N/A       100%        2
 Conjure Flame            Conj/Fire      0%         6-21      100%        3
 Mephitic Cloud           Conj/Pois/Air  0%         N/A       100%        3
 Infestation              Necr           0%         N/A       100%        8
 Borgnjor's Revivificati  Necr           Unusable   N/A       N/A         8
 Necromutation            Tmut/Necr      Unusable   N/A       N/A         8
 Death's Door             Necr           Unusable   N/A       N/A         9

Dungeon Overview and Level Annotations

Branches:
Dungeon (3/15)

Altars:
The Shining One


Innate Abilities, Weirdness & Mutations

Your natural rate of healing is unusually fast.
You have razor-sharp teeth.
You have supernaturally acute eyesight. (SInv)
You can survive without breathing.
You are afflicted with vampirism and can become a bat while bloodless.
[You are extremely frail. (-30% HP)]


Message History

The orc hits you but does no damage.
The hobgoblin hits you but does no damage.
You feel less confused.
The orc wizard gestures at you while chanting.
You are confused.
You're too confused to move!
The orc closely misses you.
The hobgoblin hits you but does no damage.
The orc hits you with a +0 dagger.
The gnoll hits you with a +0 flail of protection.
Your shield prevents you from hitting the orc.
Your bite misses the orc.
The orc wizard points at you and mumbles some strange words.
You are more confused.
The orc barely misses you.
You hit the gnoll.
The gnoll is lightly wounded.
The gnoll hits you with a +0 flail of protection.
The gnoll hits you but does no damage. The orc hits you with a +0 dagger.
The gnoll hits you with a +0 flail of protection.
* * * LOW HITPOINT WARNING * * *
The orc wizard hits you but does no damage.
You fade into invisibility!
The gnoll hits you but does no damage. The orc hits you but does no damage.
The gnoll hits you but does no damage. The gnoll barely misses you.
The orc wizard gestures at you while chanting.
You resist with some effort.
You are very lightly contaminated with residual magic.
You hit the orc wizard. You bite the orc wizard.
The orc wizard is almost dead.
The gnoll hits you with a +0 club.
* * * LOW HITPOINT WARNING * * *
The orc hits you but does no damage. The gnoll barely misses you.
The orc wizard casts a spell at the orc wizard.
The puff of flame hits the gnoll.
The gnoll hits you but does no damage.
The orc wizard hits you but does no damage.
The gnoll shouts!
The orc wizard gestures at the gnoll while chanting.
The gnoll resists with significant effort.
The gnoll hits you with a +0 flail of protection.
You die...

#...#.# # #...#.#
.# #.#.#.###.#
#....)....#
#.........###
#............
#.........#..
#....g....# #
#..ggo@...#
#..ogo....#
#..oo>....#
#........g......#
#.......#.#.#.....
#.......#.#.#.#####
#.......#.#.#.#
#.......#......
#.......###


You could see 2 orc wizards, 4 gnolls, 3 orcs and a hobgoblin.

Vanquished Creatures
  Sigmund (D:2)
  4 gnolls (D:3)
  An adder (D:2)
  4 dart slugs
  A ball python (D:2)
  6 endoplasms
  7 giant cockroaches
  5 goblins
  5 hobgoblins
  2 jackals (D:1)
  A quokka (D:1)
  8 bats
  4 frilled lizards
  5 kobolds
  7 rats
61 creatures vanquished.

Notes
Turn   | Place    | Note
-------+----------+-------------------------------------------
     0 | D:1      | siradein the Vampire Fighter began the quest for the Orb.
     0 | D:1      | Reached XP level 1. HP: 17/17 MP: 1/1
    47 | D:1      | Reached XP level 2. HP: 23/23 MP: 2/2
   223 | D:1      | Reached skill level 3 in Long Blades
   545 | D:1      | Gained mutation: You are afflicted with vampirism and can
                  | become a bat while bloodless. [Vampire growth]
   545 | D:1      | Reached XP level 3. HP: 19/19 MP: 3/3
  1123 | D:2      | Reached skill level 4 in Long Blades
  1416 | D:2      | Noticed Sigmund
  1445 | D:2      | Killed Sigmund
  1446 | D:2      | Reached skill level 5 in Long Blades
  1446 | D:2      | Reached XP level 4. HP: 11/27 MP: 4/4
  1446 | D:2      | Reached XP level 5. HP: 13/31 MP: 5/5
  1874 | D:2      | Reached skill level 6 in Long Blades
  2520 | D:3      | Slain by a gnoll

Illustrated notes

Levels and vault maps discovered:
D:1:      shiori_shiawase, layout_basic
D:2:      minmay_angry_zag, layout_basic, uniq_sigmund
D:3:      layout_basic, nicolae_overflow_crystal_walls,
          lemuel_coloured_pillars_altar, shapermc_ecumenical_altar_mp_vishouse,
          uniq_grinder

Skill      XL: |  1  2  3  4  5 |
---------------+----------------+-----
Long Blades    | 3 5 6 |  6.3
Fighting       | |  2.6
Armour         | |  2.4
Shields        | |  2.6

Action                   |  1- 3 |  4- 6 || total
-------------------------+-------+-------++-------
Melee: Long sword        |   112 |    60 ||   172
       Bite              |    14 |     7 ||    21
 Abil: Exsanguinate      |     2 |     1 ||     3
       Revivify          |     2 |     1 ||     3
  Use: Potion            |     1 |     1 ||     2
 Stab: Sleeping          |     6 |       ||     6
Armor: Scale mail        |    39 |       ||    39
       Chain mail        |       |    59 ||    59
Dodge: Dodged            |    26 |    17 ||    43
Block: Kite shield       |    58 |    33 ||    91
       Rpst.: Long sword |    11 |     3 ||    14

Table legend: (Time is in decaauts)
 A = Elapsed time spent in this place.
 B = Non-inter-level travel time spent in this place.
 C = Inter-level travel time spent in this place.
 D = Time resting spent in this place.
 E = Time spent auto-exploring this place.
 F = Levels seen in this place.
 G = Mean time per level.
                   A        B        C        D        E       F      G
               +--------+--------+--------+--------+--------+-----+--------+
         Total |   2594 |   2534 |     60 |     35 |   1812 |   3 |  864.7 |
       Dungeon |   2594 |   2534 |     60 |     35 |   1812 |   3 |  864.7 |
               +--------+--------+--------+--------+--------+-----+--------+

Top non-repeatable levels by time:
     D:1: 1087 daAuts
     D:2: 1071 daAuts
     D:3: 435 daAuts
